 Dungeon Sprint DCSS version 0.27.1-4-g1640c2035a (webtiles) character file.

Game seed: 3926179991844102392

230 boopmooplesden the Cleaver (level 5, -1/57 HPs)
             Began as a Minotaur Berserker on Nov 10, 2021.
             Was an Elder of Trog.
             Slain by a wight (4 damage)
             ... in the Dungeon (Sprint VII: "The Pits").
             The game lasted 00:00:35 (100 turns).

boopmooplesden the Cleaver (Minotaur Berserker)      Turns: 100, Time: 00:00:36

Health: -1/57      AC:  2    Str: 22    XL:     5   Next: 72%
Magic:  4/4        EV: 13    Int:  4    God:    Trog [****..]
Gold:   0          SH:  0    Dex: 10    Spells: 4/4 levels left

rFire    . . .     SeeInvis .   a - +0 hand axe
rCold    . . .     Faith    .   (no shield)
rNeg     . . .     Spirit   .   b - +0 animal skin
rPois    .         Reflect  .   (helmet restricted)
rElec    .         Harm     .   (no cloak)
rCorr    .         Rampage  .   (no gloves)
Will     .....     NoTele   +   (no boots)
Stlth    +.........             (no amulet)
HPRegen  0.19/turn              (no ring)
MPRegen  0.09/turn              (no ring)

@: on berserk cooldown, slowed, very slow
A: horns 2, retaliatory headbutt
a: Renounce Religion, Berserk, Trog's Hand, Brothers in Arms


You were in the Dungeon.
You worshipped Trog.
Trog was greatly pleased with you.
You visited 1 branch

Inventory:

Hand Weapons
 a - a +0 hand axe (weapon)
 i - a +2 hand axe
Armour
 b - a +0 animal skin (worn)
Scrolls
 h - a scroll of blinking
 k - a scroll of summoning
Potions
 c - a potion of curing
 d - a potion of heal wounds
 e - a potion of haste
 f - 4 potions of magic
 g - 3 potions of berserk rage
 j - 2 potions of invisibility


   Skills:
 + Level 9.2 Fighting
 + Level 10.2 Axes
 + Level 4.9 Armour
 + Level 4.6 Dodging


You had 4 spell levels left.
You didn't know any spells.
Your spell library was empty.

Dungeon Overview and Level Annotations

Branches:
Dungeon (1/1)

Altars:


Innate Abilities, Weirdness & Mutations

You have a pair of horns on your head.
You reflexively headbutt those who attack you in melee.


Message History

The wight hits you from afar with a +4 halberd!
You feel drained.
You slash the goblin!
You kill the goblin!
Trog accepts your kill. The wight closely misses you.
Items here: ))) [[.
You feel a strong urge to attack something.
You slash the wight!
The wight is heavily damaged.
The wight hits you with a +4 halberd!
You feel drained.
You slash the wight!
You destroy the wight!
Trog accepts your kill.
You can now call in reinforcements.
Your life force feels restored.
Your Fighting skill increases to level 9!
Your Axes skill increases to level 10!
There is an open door here.
Things that are here:
a +4 halberd; a +0 robe A wight comes into view.
It is wielding a +1 scimitar.
You feel a strong urge to attack something.
You are no longer berserk.
You are exhausted.
You feel yourself slow down.
You see here a bat corpse.
There is an open door here.
Things that are here:
a +4 halberd; a +0 robe Your magic is already full.
The wight barely misses you. The wight hits you with a +1 scimitar.
You hit the wight but do no damage. The wight closely misses you.
You hit the wight. Your headbutt misses the wight.
The wight is moderately damaged.
The wight hits you with a +1 scimitar!
* * * LOW HITPOINT WARNING * * *
You slash the wight! Your headbutt misses the wight.
The wight is almost destroyed.
The wight hits you with a +1 scimitar.
You die...

##########++
##########+##...........
#.?(.')))'.##......#..#
##########.##..........
#..........†'...........
+#####'#####......#..#.
#...).##...........
#####)#####'#####+
#..).@##.......#
#...z.##.......#
###'####.......# ....
#...<...# .......
#.......#
#........##.......#
###########.......#
#########


You could see a wight.

Vanquished Creatures
  A floating eye (D)
  3 wights (D)
  A ball python (D)
  2 goblins (D)
  A bat (D)
  2 frilled lizards (D)
  A rat (D)
11 creatures vanquished.

Notes
Turn   | Place    | Note
-------+----------+-------------------------------------------
     0 | D        | boopmooplesden the Minotaur Berserker began the quest for
                  | the Orb.
     0 | D        | Reached XP level 1. HP: 19/19 MP: 0/0
    11 | D        | Reached skill level 4 in Axes
    41 | D        | Noticed a floating eye
    42 | D        | Paralysed by a floating eye for 3 turns
    50 | D        | Paralysed by a floating eye for 4 turns
    55 | D        | Killed a floating eye
    55 | D        | Reached ** piety under Trog
    56 | D        | Reached skill level 7 in Axes
    56 | D        | Reached XP level 2. HP: 34/34 MP: 1/1
    56 | D        | Reached XP level 3. HP: 39/39 MP: 2/2
    56 | D        | Reached XP level 4. HP: 47/47 MP: 3/3
    61 | D        | Reached skill level 8 in Axes
    78 | D        | Reached *** piety under Trog
    79 | D        | Reached skill level 9 in Axes
    79 | D        | Reached XP level 5. HP: 53/53 MP: 4/4
    90 | D        | Reached **** piety under Trog
    91 | D        | Reached skill level 10 in Axes
   100 | D        | Slain by a wight

Illustrated notes

Levels and vault maps discovered:
D:        pitsprint [storerooms_1, entrance_room_1, metal_vault_8, armoury_2,
          mini_pit_1, grid_room_1, main_hall_1, silver_pit, the_coven_3,
          the_vestibule_1, steel_vault_4, golden_pit, hallway_of_sentries,
          crystal_vault_1, iron_vault_1, final_vault]

Skill      XL: |  1  2  3  4  5 |
---------------+----------------+-----
Fighting       | 7 8 9 |  9.2
Axes           | 7 9 10 | 10.2
Armour         | 4 |  4.9
Dodging        | 3 4 |  4.6

Action                   |  1- 3 |  4- 6 || total
-------------------------+-------+-------++-------
Melee: Hand axe          |    10 |    20 ||    30
       Headbutt          |     1 |     2 ||     3
Invok: Berserk           |       |     1 ||     1
Armor: Animal skin       |       |     1 ||     1
Dodge: Dodged            |     5 |     8 ||    13
